 Dungeon Crawl Stone Soup version 0.27-a0-819-g058290f16d (webtiles) character file.

Game seed: 8826294328030136086

148 jestyr24 the Magician (level 5, -1/38 HPs)
             Began as a Djinni Fire Elementalist on Mar 29, 2021.
             Slain by an endoplasm (2 damage)
             ... on level 3 of the Dungeon.
             The game lasted 00:12:47 (2024 turns).

jestyr24 the Magician (Djinni Fire Elementalist)    Turns: 2024, Time: 00:12:48

Health: -1/38      AC:  2    Str:  7    XL:     5   Next: 30%
Gold:   130        EV:  9    Int: 18    God:
                   SH:  0    Dex: 13

rFire    + + +     SeeInvis .   l - +3 falchion (vorpal)
rCold    x x .     Faith    .   (no shield)
rNeg     . . .     Spirit   .   a - +0 robe
rPois    ∞         Reflect  .   (no helmet)
rElec    .         Harm     .   (no cloak)
rCorr    .         Rampage  .   (no gloves)
Will     .....                  (boots unavailable)
Stlth    ++........             (no amulet)
HPRegen  0.12/turn              f - ring of fire
MPRegen  0.00/turn              (no ring)

@: flying, constricted
A: fire resistance 2, cold vulnerability 1, float, innate caster, hp casting,
extra vitality 1
a: no special abilities


You were on level 3 of the Dungeon.
You visited 1 branch of the dungeon, and saw 3 of its levels.

You collected 130 gold pieces.

Inventory:

Hand Weapons
 b - a +0 hunting sling
 l - a +3 vorpal falchion (weapon)
Missiles
 n - 15 poisoned darts
Armour
 a - a +0 robe (worn)
Jewellery
 e - a ring of magical power
 f - a ring of fire (left hand)
 g - a ring of protection from cold
Scrolls
 c - 2 scrolls of amnesia {unknown}
 d - a scroll of noise {unknown}
Potions
 h - a potion of curing {unknown}
 i - a potion of heal wounds {unknown}
 j - a potion of brilliance {unknown}
 k - a potion of attraction {unknown}
 m - a potion of lignification {unknown}


   Skills:
 * Level 1.6 Fighting
 + Level 2.6 Dodging
 + Level 2.0 Stealth
 + Level 4.3 Spellcasting


You couldn't memorise any spells.
You knew the following spells:

 Your Spells              Type           Power      Damage    Failure   Level
a - Foxfire               Conj/Fire      100%       2x1d9     2%          1
b - Conjure Flame         Conj/Fire      29%        6-21      7%          3
c - Inner Flame           Hex/Fire       29%        N/A       7%          3
d - Sticky Flame          Conj/Fire      29%        2d5       24%         4
e - Fireball              Conj/Fire      14%        3d8       54%         5
f - Sting                 Tmut/Pois      76%        1d6       2%          1
g - Searing Ray           Conj           38%        3d4       3%          2
Your spell library was empty.

Dungeon Overview and Level Annotations

Branches:
Dungeon (3/15)

Altars:


Innate Abilities, Weirdness & Mutations

You are immune to poison.
Your flesh is very heat resistant. (rF++)
You are vulnerable to cold. (rC-)
You float through the air rather than walking.
You learn spells naturally, not from books.
Your magical power is your life essence.
You have superior vitality. (+4 HP)


Message History

The orc completely misses you.
A jackal comes into view.
There is an open door here.
The jackal barks!
The endoplasm barely misses you.
You riposte.
You barely miss the endoplasm.
The orc throws a boomerang.
The boomerang hits you but does no damage.
The endoplasm closely misses you.
The jackal barks!
The ball python hisses angrily.
The jackal bites you.
* * * LOW HITPOINT WARNING * * *
The ball python bites you but does no damage.
The ball python barely misses you. The endoplasm barely misses you.
The jackal bites you.
* * * LOW HITPOINT WARNING * * *
The jackal barks!
The adder closely misses you.
You riposte.
You miss the adder. The ball python barely misses you.
You riposte.
You closely miss the ball python. The ball python grabs you.
* * * LOW HITPOINT WARNING * * *
The ball python constricts you. The adder bites you but does no damage.
You escape the ball python's grasp.
The jackal closely misses you.
You riposte.
You slash the jackal!
You kill the jackal!
The adder bites you.
* * * LOW HITPOINT WARNING * * *
The ball python bites you but does no damage.
The ball python closely misses you. The jackal closely misses you.
You riposte.
You closely miss the jackal. The jackal misses you.
You riposte.
You closely miss the jackal. The adder bites you.
* * * LOW HITPOINT WARNING * * *
You reach down and open the door.
The adder barely misses you. The ball python bites you.
* * * LOW HITPOINT WARNING * * *
The ball python grabs you. The ball python constricts you.
The jackal barely misses you.
You riposte.
You hit the jackal.
The jackal is severely wounded.
The endoplasm hits you.
You die...

.......<.....##
..............#
#########.....#
#...†.# #.....#
######## ##ro...
#......# #.....
#.###.S....######.....
#...'@Sho.o'r.r..o....
#####hJ....#######....
#....### #.... #....#
##+## #....# ######


You could see an adder, 2 orcs, an endoplasm, 2 jackals, a ball python and a
rat.

Vanquished Creatures
  A scorpion (D:2)
  Terence (D:2)
  2 adders
  2 worms (D:2)
  A dart slug (D:1)
  A bat zombie (D:2)
  2 endoplasms (D:2)
  3 giant cockroaches
  A goblin (D:2)
  4 hobgoblins
  4 jackals
  5 kobolds
  A quokka (D:2)
  4 ball pythons (D:2)
  6 bats
  4 frilled lizards
  8 rats
50 creatures vanquished.

Vanquished Creatures (others)
  136 foxfires
136 creatures vanquished.

Grand Total: 186 creatures vanquished

Notes
Turn   | Place    | Note
-------+----------+-------------------------------------------
     0 | D:1      | jestyr24 the Djinni Fire Elementalist began the quest for
                  | the Orb.
     0 | D:1      | Reached XP level 1. HP: 15/15 MP: 0/0
     1 | D:1      | Noticed a minotaur skeleton
    13 | D:1      | Noticed a vine stalker
    13 | D:1      | Noticed a felid
    15 | D:1      | Noticed a minotaur zombie
   347 | D:1      | Reached skill level 3 in Spellcasting
   347 | D:1      | Reached XP level 2. HP: 15/22 MP: 0/0
   853 | D:2      | Reached XP level 3. HP: 22/26 MP: 0/0
   853 | D:2      | Learned a level 1 spell: Sting
  1285 | D:2      | Noticed Terence
  1287 | D:2      | Reached skill level 1 in Fighting
  1301 | D:2      | Killed Terence
  1302 | D:2      | Reached XP level 4. HP: 12/32 MP: 0/0
  1565 | D:2      | Reached skill level 4 in Spellcasting
  1565 | D:2      | Reached XP level 5. HP: 28/37 MP: 0/0
  1565 | D:2      | Learned a level 2 spell: Searing Ray
  2024 | D:3      | HP: 1/38 [ball python (1)]
  2024 | D:3      | Slain by an endoplasm

Illustrated notes

Levels and vault maps discovered:
D:1:      shiori_arrival_whats_in_store_for_you, layout_basic, st_stairs_7,
          roderic_three_in_a_row
D:2:      layout_basic, minmay_tall_x, uniq_terence
D:3:      layout_basic, tgw_trog

Skill      XL: |  1  2  3  4  5 |
---------------+----------------+-----
Spellcasting   | 3 4 |  4.3
Fighting       | 1 |  1.6
Stealth        | 2 |  2.0
Dodging        | |  2.6

Action                   |  1- 3 |  4- 6 || total
-------------------------+-------+-------++-------
Melee: Unarmed           |     3 |       ||     3
       Falchion          |       |     1 ||     1
 Cast: Foxfire           |    54 |    25 ||    79
Armor: Robe              |     1 |     4 ||     5
Dodge: Dodged            |     6 |    17 ||    23
       Rpst.: Falchion   |       |     9 ||     9

Table legend: (Time is in decaauts)
 A = Elapsed time spent in this place.
 B = Non-inter-level travel time spent in this place.
 C = Inter-level travel time spent in this place.
 D = Time resting spent in this place.
 E = Time spent auto-exploring this place.
 F = Levels seen in this place.
 G = Mean time per level.
                   A        B        C        D        E       F      G
               +--------+--------+--------+--------+--------+-----+--------+
         Total |   2022 |   1969 |     53 |    384 |   1184 |   3 |  674.0 |
       Dungeon |   2022 |   1969 |     53 |    384 |   1184 |   3 |  674.0 |
               +--------+--------+--------+--------+--------+-----+--------+

Top non-repeatable levels by time:
     D:2: 1172 daAuts
     D:1: 812 daAuts
     D:3: 38 daAuts
